 Dungeon Crawl Stone Soup version 0.28-a0-1518-gbe868bca14 (webtiles) character file.

Game seed: 14806411552816011920

11717 voltaire321 the Thaumaturge (level 11, -2/63 HPs)
             Began as a Deep Elf Earth Elementalist on Jan 16, 2022.
             Was an Elder of Vehumet.
             Engulfed by a cloud of flame (13 damage)
             ... in a volcano on Jan 17, 2022.
             The game lasted 00:49:24 (14544 turns).

voltaire321 the Thaumaturge (DEEE)                 Turns: 14544, Time: 00:49:24

Health: -2/63      AC:  8    Str:  5    XL:     11   Next: 53%
Magic:  21/28      EV: 36    Int: 25    God:    Vehumet [****..]
Gold:   819        SH:  0    Dex: 21    Spells: 16/33 levels left

rFire   . . .      SeeInvis +   B - +6 long sword "Kiczutt" {drain, Contam rN+ SInv}
rCold   . . .      Faith    .   (no shield)
rNeg    + . .      Spirit   .   b - +0 robe
rPois   .          Reflect  .   u - +0 helmet
rElec   .          Harm     .   t - +0 cloak
rCorr   .          Rampage  .   q - +2 pair of gloves
Will    +....                   j - +0 pair of boots
Stlth   +.........              o - amulet of the acrobat
HPRegen 0.20/turn               e - +4 ring of evasion
MPRegen 0.21/turn               v - +6 ring of dexterity

@: confused, ambrosia-drunk, acrobatic
A: no striking features
a: Renounce Religion


You were in a volcano.
You worshipped Vehumet.
Vehumet was greatly pleased with you.
You visited 3 branches of the dungeon, and saw 13 of its levels.
You also visited: Volcano.

You collected 819 gold pieces.

Inventory:

Hand Weapons
 w - a +4 scimitar of protection
 x - the +6 whip "Toddig" {freeze, *Noise Str+10 Dex+4}
   (You found it on level 9 of the Dungeon)

   It freezes those it strikes, dealing additional cold damage.
   It can also slow down cold-blooded creatures.
   Str:       It affects your strength (+10).
   Dex:       It affects your dexterity (+4).
   *Noise:    It may make noises in combat.
 y - a +2 dagger of venom
 B - the +6 long sword "Kiczutt" (weapon) {drain, Contam rN+ SInv}
   (You found it on level 8 of the Dungeon)

   A truly terrible weapon, it drains the life of any living foe it strikes.
   rN:        It protects you from negative energy.
   SInv:      It lets you see invisible.
   Contam:    It causes magical contamination when unequipped.
Missiles
 c - 332 stones
 k - 3 curare-tipped darts (quivered)
Armour
 b - a +0 robe (worn)
 j - a +0 pair of boots (worn)
 q - a +2 pair of gloves (worn)
 t - a +0 cloak (worn)
 u - a +0 helmet (worn)
Jewellery
 e - a +4 ring of evasion (left hand)
 f - a ring of resist corrosion
 n - a ring of ice
 o - an amulet of the acrobat (around neck)
 v - a +6 ring of dexterity (right hand)
Wands
 i - a wand of flame (10)
 z - a wand of mindburst (17)
 A - a wand of paralysis (9)
 E - a wand of iceblast (4)
Scrolls
 m - a scroll of enchant armour
 p - 6 scrolls of teleportation
 C - a scroll of summoning
 F - a scroll of enchant weapon {unknown}
 G - a scroll of identify
Potions
 a - 2 potions of mutation
 g - 2 potions of haste
 h - a potion of berserk rage
 l - 7 potions of curing
 r - 6 potions of flight
 s - 3 potions of might
 D - 4 potions of brilliance


   Skills:
 + Level 5.0 Fighting
 + Level 7.6 Dodging
 - Level 2.4 Stealth
 + Level 11.9 Spellcasting
 + Level 9.4 Conjurations
 - Level 4.0 Transmutations
 + Level 8.9 Fire Magic
 + Level 10.2 Earth Magic


You had 16 spell levels left.
You knew the following spells:

 Your Spells              Type           Power      Damage    Failure   Level
a - Sandblast             Erth           100%       2d20      1%          1
b - Passwall              Tmut/Erth      41%        N/A       1%          2
c - Stone Arrow           Conj/Erth      100%       3d13      1%          3
d - Fireball              Conj/Fire      28%        3d12      1%          5
e - Searing Ray           Conj           100%       2d8       1%          2
f - Petrify               Tmut/Erth      50%        N/A       2%          4

Your spell library contained the following spells:

 Spells                   Type           Power      Damage    Failure   Level
 Ignite Poison            Fire/Tmut/Pois 36%        N/A       1%          3
 Static Discharge         Conj/Air       38%        N/A       1%          2
 Sticky Flame             Conj/Fire      57%        2d7       1%          4
 Iskenderun's Battlesphe  Conj           58%        2d11      1%          5
 Orb of Destruction       Conj           29%        9d9       19%         7
 Conjure Ball Lightning   Conj/Air       19%        3x3d6     22%         6
 Dispel Undead            Necr           14%        3d10      38%         4


Dungeon Overview and Level Annotations

Branches:
Dungeon (10/15)            Temple (1/1) D:4            Lair (2/6) D:10
Volcano (1/1)
  Swamp: Lair:2-4    Shoals: Lair:2-4     Snake: Lair:2-4    Spider: Lair:2-4
    Orc: D:9-12

Altars:
Ashenzari
Cheibriados
Dithmenos
Elyvilon
Fedhas
Gozag
Hepliaklqana
Kikubaaqudgha
Makhleb
Nemelex Xobeh
Okawaru
Qazlal
Ru
Sif Muna
Trog
Uskayaw
Vehumet
Wu Jian
Xom
Yredelemnul
Zin
The Shining One

Shops:
D:3 ?   D:9 =


Message History

The lava snake spits lava at you. The glob of lava hits you!
The lava snake hisses angrily.
Casting: Stone Arrow (safe; 1% risk of failure)
Confirm with . or Enter, or press ? or * to list all spells.
You can't see any susceptible monsters within range! (Use Z to cast anyway.) Unknown command.
Casting: Stone Arrow (safe; 1% risk of failure)
Confirm with . or Enter, or press ? or * to list all spells.
You can't see any susceptible monsters within range! (Use Z to cast anyway.)
The air gets thick with the scent of sulphur.
Casting: Stone Arrow (safe; 1% risk of failure)
Confirm with . or Enter, or press ? or * to list all spells.
Aiming: Stone Arrow (safe; 1% risk of failure)
Press: ? - help, Shift-Dir - straight line, f - lava snake
Aim: a lava snake (black smoke, lava, catching its breath, 58% to hit)
The stone arrow hits the lava snake!!
You kill the lava snake!
Vehumet accepts your kill.
Vehumet offers you knowledge of Ignite Poison.
You feel your power returning. The lava snake spits lava at you.
The glob of lava hits you!
Casting: Stone Arrow (safe; 1% risk of failure)
Confirm with . or Enter, or press ? or * to list all spells.
Aiming: Stone Arrow (safe; 1% risk of failure)
Press: ? - help, Shift-Dir - straight line, f - lava snake
Aim: a lava snake (black smoke, lava, 58% to hit)
The stone arrow hits the lava snake!!
You kill the lava snake!
Vehumet accepts your kill.
You feel your power returning.
The volcano roars to life, belching forth lava!
You are engulfed in blazing flames.
* * * LOW HITPOINT WARNING * * *
You are confused.
You feel invigorated.
You are engulfed in blazing flames.
* * * LOW HITPOINT WARNING * * *
You are engulfed in blazing flames.
You die...

§≈≈≈≈≈≈≈≈≈≈...........#
.○°°°°≈≈°≈≈§≈§≈.......##
.≈°○§○§○≈§○§§°°........#
.°≈○○○○≈○○≈≈°°°........#
.≈○≈○≈○°≈○°≈○°○.......##
○○○°≈≈≈≈≈○○.°○°........#
.○○°○°○○≈.○°§○≈.......##
.°§§○°°○§○☼°°○°≈.......#
.≈≈≈§○○@≈§§≈≈§§§......##
.○§○°°○≈°○○○≈≈≈........#
○°≈≈○○°○≈§°○§○........##
°○☼○○°☼§°☼§°°.........##
§○≈°°§≈≈○○○§≈..........#
..§≈°≈°§≈°≈§§≈≈.......##
.§§§§≈§§≈°○°≈§≈§.§.....# §≈§
§≈≈§§≈≈§§§§§≈≈§.§....###
≈≈≈§≈§§≈.§≈§≈§≈≈≈≈≈≈§§.....∩.∩#


There were no monsters in sight!

Vanquished Creatures
  2 two-headed ogres (D:10)
  A cyclops (D:9)
  A torpor snail (Lair:2)
  A black mamba (Lair:2)
  A gargoyle (D:9)
  A komodo dragon (D:10)
  A hornet (D:8)
  2 vampires
  16 yaks
  2 fire bats (Volcano)
  2 wyverns (D:8)
  2 steam dragons (D:8)
  2 water moccasins
  A sky beast (D:7)
  6 orc warriors
  3 black bears
  2 ice beasts
  2 ogres (D:6)
  A necrophage (D:6)
  2 centaurs
  A phantom (D:6)
  A kobold brigand (D:7)
  2 scorpions
  7 bullfrogs
  A water moccasin skeleton (D:4)
  A howler monkey (D:6)
  9 wights
  4 electric eels (D:10)
  8 lava snakes
  3 bullfrog zombies
  2 centaur zombies
  4 orc priests
  2 centaur skeletons
  2 gnoll shamans
  4 hounds
  3 bullfrog skeletons
  7 iguanas
  6 orc wizards
  Natasha (thrice) (D:3)
  A killer bee zombie (D:6)
  Robin (D:4)
  11 adders
  15 gnolls
  A shadow imp (D:7)
  2 white imps
  4 ufetubi
  An adder skeleton (D:5)
  4 worms (D:2)
  20 orcs
  10 ball pythons
  8 endoplasms
  7 giant cockroaches
  19 goblins
  15 hobgoblins
  A jackal (D:1)
  6 quokkas
  7 bats
  2 frilled lizards (D:1)
  16 kobolds
  4 rats
276 creatures vanquished.

Vanquished Creatures (collateral kills)
  An adder skeleton (D:2)
1 creature vanquished.

Vanquished Creatures (others)
  5 fungi
  7 plants
12 creatures vanquished.

Grand Total: 289 creatures vanquished

Notes
Turn   | Place    | Note
-------+----------+-------------------------------------------
     0 | D:1      | voltaire321 the Deep Elf Earth Elementalist began the quest
                  | for the Orb.
     0 | D:1      | Reached XP level 1. HP: 10/10 MP: 6/6
   187 | D:1      | Reached XP level 2. HP: 16/16 MP: 1/8
   812 | D:1      | Learned a level 2 spell: Passwall
  1024 | D:1      | Reached XP level 3. HP: 11/20 MP: 3/9
  1656 | D:1      | Found a faded altar of an unknown god.
  1897 | D:2      | Reached skill level 1 in Fighting
  2222 | D:2      | Learned a level 3 spell: Stone Arrow
  2304 | D:2      | Reached XP level 4. HP: 25/25 MP: 9/11
  2725 | D:2      | Found an iron altar of Okawaru.
  3497 | D:3      | Noticed Natasha
  3500 | D:3      | Killed Natasha
  3501 | D:3      | Reached skill level 4 in Spellcasting
  3501 | D:3      | Reached skill level 1 in Conjurations
  3552 | D:3      | Found Upiskah's Magic Scroll Boutique.
  4194 | D:3      | Reached XP level 5. HP: 29/29 MP: 13/13
  4550 | D:3      | Noticed Natasha
  4556 | D:3      | Killed Natasha
  4677 | D:3      | Noticed Natasha
  4680 | D:3      | Killed Natasha
  4927 | D:4      | Reached XP level 6. HP: 26/35 MP: 1/14
  5154 | D:4      | Found a staircase to the Ecumenical Temple.
  5183 | Temple   | Entered the Ecumenical Temple
  5215 | Temple   | Became a worshipper of Vehumet
  5832 | D:4      | Reached skill level 5 in Spellcasting
  6330 | D:4      | Noticed Robin
  6496 | D:4      | Killed Robin
  6497 | D:4      | Reached XP level 7. HP: 40/40 MP: 10/16
  7114 | D:5      | Entered Level 5 of the Dungeon
  7118 | D:5      | Reached skill level 5 in Earth Magic
  7274 | D:5      | Learned a level 5 spell: Fireball
  7274 | D:5      | Reached skill level 9 in Spellcasting
  7274 | D:5      | Reached XP level 8. HP: 45/45 MP: 17/23
  7285 | D:5      | Found a bloodstained altar of Trog.
  7691 | D:5      | Reached * piety under Vehumet
  7691 | D:5      | Offered knowledge of Foxfire by Vehumet.
  8024 | D:6      | Reached skill level 10 in Spellcasting
  8127 | D:6      | Reached skill level 5 in Dodging
  8395 | D:6      | Reached XP level 9. HP: 50/50 MP: 18/25
  9523 | D:7      | Offered knowledge of Scorch by Vehumet.
  9816 | D:7      | Reached ** piety under Vehumet
 10597 | D:8      | Reached XP level 10. HP: 56/56 MP: 20/26
 11121 | D:8      | Offered knowledge of Searing Ray by Vehumet.
 11125 | D:8      | Learned a level 2 spell: Searing Ray
 11239 | D:8      | Identified the +6 long sword "Kiczutt" {drain, Contam rN+
                  | SInv}
 11729 | D:9      | Noticed a cyclops
 11734 | D:9      | Killed a cyclops
 11735 | D:9      | Reached *** piety under Vehumet
 11809 | D:9      | Found Daegrir's Jewellery Shoppe.
 11891 | D:9      | Reached skill level 11 in Spellcasting
 12105 | D:9      | Identified the +6 whip "Toddig" {freeze, *Noise Str+10
                  | Dex+4}
 12166 | D:9      | Noticed a gargoyle
 12178 | D:9      | Killed a gargoyle
 12731 | D:9      | Learned a level 4 spell: Petrify
 12735 | D:10     | Entered Level 10 of the Dungeon
 12808 | D:10     | Noticed a two-headed ogre
 12812 | D:10     | Offered knowledge of Hailstorm by Vehumet.
 13126 | D:10     | Reached XP level 11. HP: 62/62 MP: 20/28
 13255 | D:10     | Noticed a two-headed ogre
 13261 | D:10     | Killed a two-headed ogre
 13380 | D:10     | Found a staircase to the Lair.
 13676 | Lair:1   | Entered Level 1 of the Lair of Beasts
 13779 | D:10     | Killed a two-headed ogre
 13780 | D:10     | Reached skill level 10 in Earth Magic
 14188 | Lair:2   | Reached **** piety under Vehumet
 14351 | Lair:2   | Found a dark tunnel.
 14357 | Volcano  | Entered a volcano
 14432 | Volcano  | Reached skill level 5 in Fighting
 14540 | Volcano  | Offered knowledge of Ignite Poison by Vehumet.
 14544 | Volcano  | Engulfed by a cloud of flame

Illustrated notes

Levels and vault maps discovered:
D:1:      nzn_arrival_depleted_hourglass, layout_loops_corners,
          hellmonk_ecumenical_altar_inner_sanctum, minmay_pentomino_w4
D:2:      minmay_angry_zag, layout_loops_ring, basic_altar
D:3:      layout_loops_cross, serial_shops, shop, uniq_natasha
D:4:      layout_basic, minmay_temple_entry_ruins, grunt_ministairs_3,
          uniq_robin
D:5:      layout_cave_pools, mainiacjoe_overflow_concentric_impassable,
          chequers_serial_rivers_small_b
D:6:      kennysheep_six_static_rooms, layout_loops_ring, serial_rivers,
          chequers_serial_rivers_micro_e, chequers_serial_rivers_micro_a,
          chequers_serial_rivers_room_a, chequers_serial_rivers_small_b,
          chequers_serial_rivers_small_b, chequers_serial_rivers_micro_a
D:7:      layout_rooms, kennysheep_generic_room_5
D:8:      layout_loops_corners
D:9:      layout_irregular_city, serial_shops, shop
D:10:     layout_basic, grunt_lair_entry_orc_guard_hut
Temple:   nicolae_temple_the_god_donut
Lair:1:   lemuel_reptile_caves, layout_cave_pods
Lair:2:   layout_layer_cave, enter_volcano_2, serial_bayou_pond_d,
          grunt_megastairs_1, lemuel_fruit_tree
Volcano:  volcano_lake [vl_original]

Skill      XL: |  1  2  3  4  5  6  7  8  9 10 11 |
---------------+----------------------------------+-----
Dodging        | 3 4 5 6 7 |  7.6
Fighting       | 1 2 3 4 5 |  5.0
Transmutations | 2 4 |  4.0
Spellcasting   | 4 5 9 10 11 | 11.9
Conjurations   | 1 2 7 8 9 |  9.4
Earth Magic    | 4 8 9 10 | 10.2
Fire Magic     | 6 7 8 |  8.9
Stealth        | |  2.4

Action                   |  1- 3 |  4- 6 |  7- 9 | 10-12 || total
-------------------------+-------+-------+-------+-------++-------
Melee: Dagger            |    29 |       |       |       ||    29
       Short sword       |    50 |   127 |     4 |       ||   181
       Punch             |     2 |     1 |       |       ||     3
       Scimitar          |       |       |     7 |       ||     7
       Long sword        |       |       |       |     4 ||     4
Throw: Dart              |       |       |       |     1 ||     1
 Cast: Sandblast         |    38 |    27 |    14 |       ||    79
       Stone Arrow       |       |    40 |   127 |   125 ||   292
       Fireball          |       |       |     2 |     7 ||     9
       Searing Ray       |       |       |       |     1 ||     1
  Use: Scroll            |     3 |       |    12 |     3 ||    18
       Potion            |       |       |     1 |     1 ||     2
 Stab: Sleeping          |     6 |     3 |       |     1 ||    10
Armor: Robe              |    23 |    14 |     7 |     6 ||    50
Dodge: Dodged            |    63 |    98 |    28 |    42 ||   231

Table legend: (Time is in decaauts)
 A = Elapsed time spent in this place.
 B = Non-inter-level travel time spent in this place.
 C = Inter-level travel time spent in this place.
 D = Time resting spent in this place.
 E = Time spent auto-exploring this place.
 F = Levels seen in this place.
 G = Mean time per level.
                   A        B        C        D        E       F      G
               +--------+--------+--------+--------+--------+-----+--------+
         Total |  14588 |  14140 |    448 |   4164 |   6790 |  14 | 1042.0 |
       Dungeon |  13590 |  13190 |    400 |   4099 |   6476 |  10 | 1359.0 |
        Temple |    287 |    279 |      8 |      0 |    240 |   1 |  287.0 |
          Lair |    523 |    483 |     40 |     65 |     74 |   2 |  261.5 |
       Volcano |    186 |    186 |      0 |      0 |      0 |   1 |  186.0 |
               +--------+--------+--------+--------+--------+-----+--------+

Top non-repeatable levels by time:
     D:1: 1900 daAuts
     D:4: 1870 daAuts
     D:3: 1557 daAuts
     D:2: 1515 daAuts
     D:8: 1335 daAuts
     D:6: 1289 daAuts
     D:9: 1186 daAuts
    D:10: 1036 daAuts
     D:7: 1011 daAuts
     D:5: 885 daAuts
  Lair:2: 343 daAuts
  Temple: 287 daAuts
 Volcano: 186 daAuts
  Lair:1: 180 daAuts
